 Dungeon Crawl Stone Soup version 0.16.1 (webtiles) character file.

83 Woebin the Shield-Bearer (level 4, -2/41 HPs)
             Began as a Minotaur Fighter on Mar 23, 2015.
             Killed from afar by Sigmund (5 damage)
             ... with a puff of flame
             ... on level 3 of the Dungeon.
             The game lasted 00:07:03 (2180 turns).

Woebin the Shield-Bearer (Minotaur Fighter)         Turns: 2180, Time: 00:07:03

Health: -2/41      AC:  8    Str: 26    XL:     4   Next: 22%
Magic:  11/11      EV:  8    Int:  5    God:
Gold:   119        SH: 10    Dex: 10    Spells: 0 memorised, 3 levels left

rFire  . . .     SeeInvis .     a - +0 war axe
rCold  . . .     Clarity  .     w - +0 scale mail
rNeg   + . .     SustAb   .     c - +0 shield
rPois  .         Gourm    .     (helmet restricted)
rElec  .         Spirit   .     (no cloak)
rCorr  .         Warding  .     n - +0 pair of gloves
rMut   .         Stasis   .     (no boots)
MR     .....                    (no amulet)
Stlth  ..........               r - ring of magical power
                                h - ring of positive energy

@: mighty, not resistant to hostile enchantments, extremely unstealthy
A: retaliatory headbutt, horns 2
a: no special abilities


You were on level 3 of the Dungeon.
You were not hungry.

You visited 1 branch of the dungeon, and saw 3 of its levels.

You collected 119 gold pieces.

Inventory:

Hand weapons
 a - a +0 war axe (weapon)
 b - a +0 hunting sling
Missiles
 g - 28 stones
 v - a tomahawk (quivered)
Armour
 c - a +0 shield (worn)
 n - a +0 pair of gloves (worn)
 w - a +0 scale mail (worn)
Jewellery
 h - a ring of positive energy (left hand)
 r - a ring of magical power (right hand)
Scrolls
 k - 4 scrolls of identify {unknown}
 o - a scroll of amnesia {unknown}
 p - 2 scrolls of remove curse {unknown}
 q - a scroll of fog {unknown}
 t - a scroll of noise {unknown}
 u - 2 scrolls of enchant armour {unknown}
 x - 2 scrolls of teleportation {unknown}
 y - a scroll of random uselessness {unknown}
Potions
 f - a potion of degeneration {unknown}
 i - a potion of restore abilities {unknown}
 j - a potion of lignification {unknown}
 s - a potion of cancellation {unknown}
 A - 2 potions of brilliance {unknown}
Comestibles
 d - 2 bread rations
 l - 2 slices of pizza
 m - a beef jerky
 z - a meat ration


   Skills:
 + Level 4.3 Fighting
 + Level 2.8 Axes
 + Level 4.3 Armour
 + Level 1.5 Dodging
 + Level 4.4 Shields


You had 3 spell levels left.
You didn't know any spells.

Dungeon Overview and Level Annotations

Branches:
Dungeon (3/15)

Altars:
Trog
Xom
Zin

Annotations:
D:3 Sigmund


Innate Abilities, Weirdness & Mutations

You reflexively headbutt those who attack you in melee.
You have a pair of horns on your head.


Message History

You hit something. Your headbutt misses something. Something hits you!
Drink which item? (? for menu, Esc to quit)
You feel very mighty all of a sudden.
You hit something!
You hear some strange, mumbled words.
The puff of flame hits you!
* * * LOW HITPOINT WARNING * * *
Something hits you.
* * * LOW HITPOINT WARNING * * *
Your shield and scale mail prevent you from hitting something.
Your headbutt misses something. You miss something. You headbutt something!
You barely miss something. Your headbutt misses something.
You hear some strange, mumbled words.
Something tries to affect you, but you resist.
Something hits you but does no damage.
You closely miss something. Your headbutt misses something.
You hear some strange, mumbled words.
The puff of flame hits you!
You die...

#.#....#####.
#.#..#..##...
#.#..##.####.
#.#..##...##.
###
#.#..###..##.
.. #...##
#.>##. #.
###.# ##....
#{### #.#
##### #.@.#
#.#
###.#####.#
#.......#
#########


There were no monsters in sight!

Vanquished Creatures
  An adder (D:2)
  A worm (D:2)
  3 giant geckos
  An ooze (D:1)
  3 orcs (D:3)
  13 bats
  5 giant cockroaches
  6 hobgoblins
  5 jackals
  3 kobolds
  2 ball pythons
  3 giant newts
  4 goblins
  A quokka (D:2)
  4 rats
  A plant (D:1)
56 creatures vanquished.

Notes
Turn   | Place    | Note
--------------------------------------------------------------
     0 | D:1      | Woebin, the Minotaur Fighter, began the quest for the Orb.
     0 | D:1      | Reached XP level 1. HP: 19/19 MP: 1/1
   147 | D:1      | Reached XP level 2. HP: 27/27 MP: 1/1
   238 | D:1      | Reached skill level 4 in Fighting
   889 | D:1      | Reached XP level 3. HP: 30/33 MP: 2/2
  1208 | D:2      | Found a shimmering altar of Xom.
  1416 | D:2      | Reached skill level 1 in Dodging
  1479 | D:2      | Found a glowing silver altar of Zin.
  1765 | D:2      | Reached XP level 4. HP: 40/40 MP: 2/2
  1879 | D:3      | Found a bloodstained altar of Trog.
  2165 | D:3      | Noticed Sigmund
  2176 | D:3      | HP: 2/41 [something (5)]
  2180 | D:3      | Killed from afar by Sigmund

Action                   |  1- 3 |  4- 6 || total
-------------------------+-------+-------++-------
Melee: War axe           |   130 |    22 ||   152
 Fire: Hunting sling     |       |     4 ||     4
Throw: Stone             |    30 |       ||    30
       Tomahawk          |       |     1 ||     1
  Use: Potion            |       |     1 ||     1
  Eat: Chunk             |     3 |     1 ||     4
